 Dungeon Crawl Stone Soup version 0.30-a0-354-g6b83867211 (webtiles) character file.

Game seed: 3259678750328069564

256498 Lobster4 the Slayer (level 20, -3/270 HPs)
             Began as a Hill Orc Hunter on Nov 7, 2022.
             Was the Champion of Hepliaklqana.
             Slain by a saltling (14 damage)
             ... in the Desolation of Salt.
             The game lasted 03:17:51 (35830 turns).

Lobster4 the Slayer (Hill Orc Hunter)              Turns: 35830, Time: 03:17:51

Health: -3/270     AC: 20    Str: 23    XL:     20   Next: 23%
Magic:  23/23      EV: 13    Int: 13    God:    Hepliaklqana [******]
Gold:   385        SH:  5    Dex: 23    Spells: 19/19 levels left

rFire   + . .      SeeInvis .    b - +5 long sword of Zuhor {flame, rPois Dex+4 Stlth-}
rCold   + . .      Faith    .    (no shield)
rNeg    . . .      Spirit   .    Y - +3 leather armour {rC+ rF+}
rPois   +          Reflect  +    y - +2 hood of the Assassin {Detection Stab+ Stlth++}
rElec   +          Harm     .    R - +2 cloak {Stlth+}
rCorr   .          Rampage  .    j - +2 pair of gloves
Will    ++...                    J - +2 pair of boots {Fly}
Stlth   ..........               G - amulet of reflection
HPRegen 0.65/turn                X - ring "Meditaty" {rElec Will++ Str+6 Dex-5}
MPRegen 0.18/turn                Z - ring "Xaxt" {Will+ Int+4 Dex+4 Slay+2}

@: berserking (expiring), weak-willed, flying, studying Throwing, very quick
A: reduced essence, low MP 1
}: 1/15 runes: gossamer
a: Renounce Religion, Recall Ancestor, Ancestor Identity, Transference, Idealise


You were in the Desolation of Salt.
You worshipped Hepliaklqana.
Hepliaklqana was exalted by your worship.
You visited 7 branches of the dungeon, and saw 31 of its levels.
You also visited: Bailey, Ice Cave, Volcano and Desolation.

You collected 3722 gold pieces.
You spent 3337 gold pieces at shops.

Inventory:

Hand Weapons
 a - the +8 longbow "Zephyr" {speed, Dex+3 SInv}
   (You bought it in a shop on level 14 of the Dungeon)

   Attacks with this weapon are significantly faster.
   Dex:       It affects your dexterity (+3).
   SInv:      It lets you see invisible.
 b - the +5 long sword of Zuhor (weapon) {flame, rPois Dex+4 Stlth-}
   (You took it off a kobold in a bailey)

   It burns those it strikes, dealing additional fire damage.
   Big, fiery blades are also staple armaments of hydra-hunters.
   Dex:       It affects your dexterity (+4).
   rPois:     It protects you from poison.
   Stlth:     It makes you less stealthy.
 k - a +0 vorpal great sword
 q - a +4 longbow of freezing
 v - the +7 long sword of the Sun {flame, rF+ rC+ Str+4}
   (You found it on level 2 of the Dungeon)

   It burns those it strikes, dealing additional fire damage.
   Big, fiery blades are also staple armaments of hydra-hunters.
   Str:       It affects your strength (+4).
   rF:        It protects you from fire.
   rC:        It protects you from cold.
Armour
 f - a +2 leather armour of poison resistance
 j - a +2 pair of gloves (worn)
 m - the +1 chain mail of Fortitude {Rampage Regen+ Int-2 Slay+5}
   (You acquired it on level 7 of the Dungeon)

   Int:       It affects your intelligence (-2).
   Slay:      It affects your accuracy & damage with ranged weapons and melee
   (+5).
   Regen:     It increases your rate of health regeneration.
   Rampage:   It bestows one free step when moving towards enemies.
 y - the +2 hood of the Assassin (worn) {Detection Stab+ Stlth++}
   (You found it on level 4 of the Spider Nest)

   It allows the wearer to sense nearby creatures.
   It allows the wearer to make particularly effective stabbing attacks against
   helpless or unaware enemies with any weapon.
   Stlth:     It makes you much more stealthy.
 F - the +3 ring mail of Valiance {rC+ Will+ Int-4}
   (You took it off a gnoll on level 6 of the Dungeon)

   Int:       It affects your intelligence (-4).
   rC:        It protects you from cold.
   Will:      It increases your willpower.
 J - a +2 pair of boots of flying (worn)
 R - a +2 cloak of stealth (worn)
 Y - a +3 leather armour of resistance (worn)
Jewellery
 w - a ring of poison resistance
 D - the ring of Yfafox {Ice Drain Will++ Dex+2}
   (You found it in the Desolation of Salt)

   [ring of ice]

   It enhances your ice magic.
   Dex:       It affects your dexterity (+2).
   rF:        It makes you vulnerable to fire.
   rC:        It protects you from cold.
   Drain:     It drains your maximum health when unequipped.
   Will:      It greatly increases your willpower.
 E - an amulet of regeneration
 G - an amulet of reflection (around neck)
 I - the ring "Ponoj" {EV+4 Str+6 Dex-4 Slay+3}
   (You found it in the Desolation of Salt)

   [ring of evasion]

   EV:        It affects your evasion (+4).
   Str:       It affects your strength (+6).
   Dex:       It affects your dexterity (-4).
   Slay:      It affects your accuracy & damage with ranged weapons and melee
   (+3).
 P - the ring "Vuedghen" {+Blink Str+4 Int+6 Dex+2}
   (You bought it in a shop on level 8 of the Dungeon)

   [ring of intelligence]

   Str:       It affects your strength (+4).
   Int:       It affects your intelligence (+6).
   Dex:       It affects your dexterity (+2).
   +Blink:    It lets you blink.
 X - the ring "Meditaty" (left hand) {rElec Will++ Str+6 Dex-5}
   (You found it on level 3 of the Lair of Beasts)

   [ring of strength]

   Str:       It affects your strength (+6).
   Dex:       It affects your dexterity (-5).
   rElec:     It insulates you from electricity.
   Will:      It greatly increases your willpower.
 Z - the ring "Xaxt" (right hand) {Will+ Int+4 Dex+4 Slay+2}
   (You found it in an ice cave)

   [ring of willpower]

   Int:       It affects your intelligence (+4).
   Dex:       It affects your dexterity (+4).
   Slay:      It affects your accuracy & damage with ranged weapons and melee
   (+2).
   Will:      It increases your willpower.
Wands
 g - a wand of paralysis (15)
 z - a wand of digging (18)
 M - a wand of light (32)
 N - a wand of roots (25)
 S - a wand of mindburst (24)
Scrolls
 c - a scroll of magic mapping
 e - 4 scrolls of immolation
 o - 6 scrolls of teleportation
 p - a scroll of silence
 t - a scroll of blinking
 u - 2 scrolls of butterflies
 L - 5 scrolls of fear
 O - 2 scrolls of enchant weapon
 Q - 7 scrolls of poison
Potions
 d - 6 potions of resistance
 h - 4 potions of brilliance
 i - 18 potions of curing
 n - 5 potions of haste
 r - 3 potions of invisibility
 s - a potion of berserk rage
 x - a potion of cancellation
 B - 6 potions of lignification
 C - 9 potions of might
 H - 6 potions of ambrosia
 T - 7 potions of heal wounds
Miscellaneous
 l - a box of beasts
 A - a tin of tremorstones (2/2)


   Skills:
 + Level 22.3 Fighting
 - Level 15.0 Long Blades
 * Level 20.7 Ranged Weapons
 - Level 1.0 Throwing
 - Level 14.0 Armour
 - Level 2.0 Dodging
 - Level 1.0 Stealth
 - Level 8.0 Invocations
 - Level 9.0 Evocations


You had 19 spell levels left.
You didn't know any spells.
Your spell library contained the following spells:

 Spells                   Type           Power      Damage    Failure   Level
 Beastly Appendage        Tmut           0%         N/A       34%         1
 Foxfire                  Conj/Fire      0%         2x1d4     34%         1
 Sandblast                Erth           0%         2d4       34%         1
 Blink                    Tloc           0%         N/A       45%         2
 Momentum Strike          Conj/Tloc      0%         3d8       45%         2
 Passwall                 Tmut/Erth      0%         N/A       45%         2
 Static Discharge         Conj/Air       0%         2-2/arc   45%         2
 Wereblood                Tmut           0%         N/A       45%         2
 Dazzling Flash           Conj/Hex       0%         N/A       71%         3
 Frozen Ramparts          Ice            0%         1d1       71%         3
 Lesser Beckoning         Tloc           0%         N/A       71%         3
 Ozocubu's Armour         Ice            0%         N/A       71%         3
 Spider Form              Tmut/Pois      0%         N/A       71%         3
 Stone Arrow              Conj/Erth      0%         3d7       71%         3
 Vampiric Draining        Necr           0%         2d6       71%         3
 Vhi's Electric Charge    Tloc/Air       0%         N/A       71%         3
 Anguish                  Hex/Necr       0%         N/A       98%         4
 Animate Dead             Necr           0%         N/A       98%         4
 Ice Form                 Ice/Tmut       0%         N/A       98%         4
 Passage of Golubria      Tloc           0%         N/A       98%         4
 Summon Ice Beast         Ice/Summ       0%         N/A       98%         4
 Agony                    Necr           0%         N/A       100%        5
 Arcjolt                  Conj/Air       0%         1d10      100%        5
 Blade Hands              Tmut           0%         N/A       100%        5
 Borgnjor's Vile Clutch   Necr/Erth      0%         N/A       100%        5
 Fireball                 Conj/Fire      0%         3d3       100%        5
 Freezing Cloud           Conj/Ice/Air   0%         6-21      100%        5
 Irradiate                Conj/Tmut      0%         3d11      100%        5
 Lightning Bolt           Conj/Air       0%         1d11      100%        5
 Metabolic Englaciation   Hex/Ice        0%         N/A       100%        5
 Silence                  Hex/Air        0%         N/A       100%        5
 Death Channel            Necr           0%         N/A       100%        6
 Simulacrum               Ice/Necr       0%         N/A       100%        6
 Starburst                Conj/Fire      0%         6d3       100%        6
 Dragon Form              Tmut           0%         N/A       100%        7
 Lehudib's Crystal Spear  Conj/Erth      0%         10d2      100%        8
 Polar Vortex             Ice            0%         N/A       100%        9


Dungeon Overview and Level Annotations

Branches:
Dungeon (15/15)            Temple (1/1) D:4            Lair (5/5) D:8
  Swamp (1/4) Lair:2       Spider (4/4) Lair:2        Slime (0/5) Lair:5
    Orc (2/2) D:11            Elf (0/3) Orc:2        Vaults (3/5) D:13
  Crypt (0/3) Vaults:2     Depths (0/4) D:15         Bailey (visited)
  IceCv (visited)         Volcano (visited)         Desolation (1/1)

Altars:
Ashenzari
Cheibriados
Dithmenos
Elyvilon
Fedhas
Gozag
Hepliaklqana
Kikubaaqudgha
Makhleb
Nemelex Xobeh
Okawaru
Qazlal
Ru
Sif Muna
Trog
Uskayaw
Vehumet
Wu Jian
Xom
Yredelemnul
Zin
The Shining One
Jiyva

Shops:
D:7 *   D:8 =   D:13 !   D:14 (   Orc:2 *:=?   Vaults:2 (

Annotations:
Lair:5 exclusion: obsidian statue


Innate Abilities, Weirdness & Mutations

Your life essence is reduced to manifest your ancestor. (-10% HP)
Your magical capacity is low. (-10% MP)


Message History

The imperial myrmidon is almost dead.
You rip and tear the barbed spikes from your body.
The saltling closely misses you. The saltling barely misses you.
The imperial myrmidon points at you and mumbles some strange words.
You easily resist.
The servant of whispers hits you with a +0 spectral quarterstaff.
* * * LOW HITPOINT WARNING * * *
You slash the imperial myrmidon! You burn the imperial myrmidon.
The imperial myrmidon is almost dead.
The peacekeeper closely misses you. The peacekeeper claws you.
* * * LOW HITPOINT WARNING * * *
The saltling hits you!
* * * LOW HITPOINT WARNING * * *
You closely miss the imperial myrmidon.
The imperial myrmidon is almost dead.
The saltling misses you.
The imperial myrmidon closely misses you.
The peacekeeper bites you but does no damage.
The peacekeeper misses you.
You slice the imperial myrmidon!! You burn the imperial myrmidon.
You kill the imperial myrmidon!
The servant of whispers hits you but does no damage.
You slash the servant of whispers! You burn the servant of whispers.
The servant of whispers is moderately wounded.
The saltling hits you!!
* * * LOW HITPOINT WARNING * * *
The peacekeeper bites you but does no damage.
The peacekeeper completely misses you. You block the saltling's attack.
The saltling hits you but does no damage.
You slice the servant of whispers!! You burn the servant of whispers!
The servant of whispers is severely wounded.
The servant of whispers hits you with a +0 spectral quarterstaff!
* * * LOW HITPOINT WARNING * * *
You block the peacekeeper's attack.
The peacekeeper claws you but does no damage.
The saltling barely misses you.
You slash the servant of whispers! You burn the servant of whispers.
The servant of whispers is almost dead.
The saltling hits you!
You die...

).[#..# [.#..#... ...
.......
##...#....#§.####.......
......#....§§§§§.....)..
..##..#....§§§§§.....)..
##..##..#..§§§§.........
..........§§§§§§9.......
..........§§.§§9a9......
..........§§.§§§@9......
..........§§.§§§§9......
..........§§§.§§§.......
..............§§........
........................
........................
########################
########################
#######


You could see a servant of whispers, a peacekeeper and 4 saltlings.

Vanquished Creatures
  A shard shrike (IceCv)
  Arachne (Spider:2)
  Agnes (Spider:2)
  Frances (Spider:2)
  A tengu reaver (Vaults:1)
  5 vault wardens
  2 imperial myrmidons (Desolation)
  4 emperor scorpions (Spider:4)
  An orc warlord (Vaults:2)
  2 ghost moths
  6 ironbound preservers
  A very ugly thing (Vaults:1)
  2 ironbound thunderhulks
  2 broodmothers (Spider:4)
  A vampire knight (Vaults:2)
  3 dire elephants
  A white draconian (IceCv)
  5 spark wasps
  A crystal guardian (Desolation)
  An ettin (D:15)
  A ragged hierophant (Desolation)
  6 entropy weavers
  An ice dragon (IceCv)
  2 yaktaur captains
  3 servants of whispers (Desolation)
  A hydra (D:14)
  An ogre mage (Volcano)
  3 peacekeepers
  Erica (D:9)
  A catoblepas (D:13)
  2 vault guards (Vaults:2)
  7 centaur warriors
  12 ironbound frosthearts
  7 boulder beetles
  2 two-headed ogres
  2 radroaches
  2 alligators (Swamp:1)
  2 tengu warriors
  A jorogumo (Spider:4)
  4 death yaks
  A vampire mage (Vaults:2)
  2 deep troll earth magi (Vaults:1)
  2 orc high priests
  Urug (D:11)
  A deep elf knight (Spider:1)
  A spectral death yak (Lair:5)
  6 pharaoh ants
  2 skeletal warriors (D:14)
  A goliath frog (Swamp:1)
  9 orb spiders
  A spectral anaconda (Lair:5)
  A steelbarb worm (Spider:4)
  A glowing orange brain (Vaults:1)
  A deep elf archer (Spider:1)
  29 deep trolls
  2 swamp dragons (Swamp:1)
  12 orc knights
  5 lindwurms
  3 necromancers
  A deep elf pyromancer (D:15)
  An orange crystal statue (IceCv)
  8 ironbound convokers
  A wizard (D:15)
  23 ugly things
  17 wolf spiders
  4 orc sorcerers (Orc:2)
  2 will-o-the-wisps (Swamp:1)
  3 cyclopes
  2 manticores
  11 elephants
  Maurice (D:9)
  A moth of wrath (Spider:3)
  A guardian serpent (Desolation)
  2 torpor snails (Spider:4)
  3 cane toads
  7 vault sentinels
  Maggie (D:9)
  2 unseen horrors
  11 komodo dragons
  19 yaktaurs
  9 rime drakes (IceCv)
  2 freezing wraiths
  The ghost of timneilson the Shield-Bearer, a novice GrFi (D:3)
  6 demonic crawlers
  A bloated husk (Swamp:1)
  A hornet (D:8)
  A merfolk (shapeshifter) (Vaults:1)
  3 meliai
  15 polar bears
  3 trolls
  The ghost of deadpool521 the Ducker, an amateur MiGl (D:4)
  27 tarantellas
  A tyrant leech (Swamp:1)
  12 slime creatures
  9 blink frogs
  Grinder (D:3)
  A raiju (Spider:1)
  23 saltlings (Desolation)
  17 culicivoras
  21 jumping spiders
  2 shadows (D:12)
  A jumping spider (shapeshifter) (D:14)
  24 yaks
  2 vampires
  3 wraiths
  A human (D:8)
  9 wyverns
  6 hogs
  5 fire bats (Volcano)
  2 basilisks
  Grum (D:9)
  2 steam dragons
  54 redbacks
  A spectral cane toad (Lair:5)
  8 vampire mosquitoes
  5 wargs
  2 swamp worms
  16 water moccasins
  A swamp drake (Swamp:1)
  4 black bears
  33 orc warriors
  An ice beast (D:8)
  3 sky beasts
  6 wolves
  4 boggarts (Vaults:2)
  6 ogres
  11 centaurs
  A phantom (D:6)
  2 gnoll sergeants
  3 kobold brigands
  6 bullfrogs
  A cane toad simulacrum (Lair:5)
  3 necrophages
  6 wights (D:8)
  An elephant simulacrum (Lair:5)
  11 killer bees
  4 electric eels (Spider:3)
  7 howler monkeys
  A bullfrog zombie (D:4)
  A centaur zombie (D:4)
  5 lava snakes (Volcano)
  2 hounds
  A centaur skeleton (D:4)
  19 orc priests
  7 jellies
  2 iguanas
  A hell rat (D:8)
  14 orc wizards
  4 polar bear simulacra (Lair:2)
  3 wolf simulacra (Lair:2)
  Robin (D:2)
  16 gnolls
  10 adders
  2 shadow imps
  A white imp (D:6)
  A worm (D:4)
  A dart slug (D:2)
  88 orcs
  8 endoplasms
  5 giant cockroaches
  15 goblins
  9 hobgoblins
  3 jackals (D:4)
  4 quokkas
  6 ball pythons
  A bat (D:1)
  2 frilled lizards (D:1)
  24 kobolds
  4 rats
  A river rat simulacrum (Lair:2)
980 creatures vanquished.

Vanquished Creatures (collateral kills)
  A thorn hunter (Swamp:1)
  An emperor scorpion (Spider:4)
  A ghost moth (Spider:4)
  An imperial myrmidon (Desolation)
  3 vault wardens
  6 ironbound preservers
  4 broodmothers (Spider:4)
  A very ugly thing (Vaults:1)
  A dire elephant (Lair:5)
  A red draconian (Volcano)
  A halazid warlock (Desolation)
  An eidolon (Vaults:2)
  A great orb of eyes (Vaults:1)
  A ragged hierophant (Desolation)
  2 entropy weavers
  A yaktaur captain (Vaults:1)
  Harold (Lair:1)
  A servant of whispers (Desolation)
  A ghost crab (Swamp:1)
  2 hydras
  A vault guard (Vaults:1)
  A jorogumo (Spider:3)
  A peacekeeper (Desolation)
  4 ironbound frosthearts
  3 boulder beetles
  3 two-headed ogres
  2 centaur warriors (Vaults:2)
  5 orc high priests
  A death yak (Lair:5)
  A skeletal warrior (D:14)
  A goliath frog (Swamp:1)
  3 pharaoh ants
  A steelbarb worm (Spider:4)
  A spriggan druid (Swamp:1)
  9 deep trolls
  2 orb spiders (Spider:4)
  3 lindwurms
  A wizard (D:15)
  2 necromancers (Lair:5)
  2 ironbound convokers
  A manticore (D:15)
  12 ugly things
  10 wolf spiders
  3 cyclopes
  4 elephants (Lair:5)
  2 moths of wrath
  A vault sentinel (Vaults:1)
  2 black mambas (Lair:3)
  A gargoyle (D:12)
  A dire elephant skeleton (Lair:5)
  2 torpor snails
  2 cane toads
  7 rime drakes (IceCv)
  A demonic crawler (Spider:3)
  3 yaktaurs
  An efreet (D:14)
  2 komodo dragons
  A tyrant leech (Swamp:1)
  4 meliai
  4 trolls
  A burning bush (Lair:5)
  2 saltlings (Desolation)
  10 tarantellas
  8 polar bears
  A blink frog (Lair:2)
  A spectral elephant (Lair:5)
  4 slime creatures
  8 jumping spiders
  4 culicivoras
  A wyvern (Lair:3)
  2 fire bats (Volcano)
  3 basilisks
  A human (shapeshifter) (D:13)
  9 yaks
  3 vampire mosquitoes (Swamp:1)
  17 redbacks
  3 swamp worms
  A warg (Orc:2)
  A water moccasin (Lair:5)
  3 orc warriors (Vaults:2)
  2 black bears (D:11)
  An ogre (Orc:1)
  An elephant zombie (Lair:5)
  3 centaurs (D:14)
  A bullfrog (Lair:2)
  2 cane toad simulacra (Lair:5)
  A lava snake (Volcano)
  A bullfrog zombie (D:4)
  2 orc wizards
  A polar bear simulacrum (Lair:2)
  2 yak simulacra (Lair:2)
  A gnoll (D:3)
  6 orcs
  3 briar patches (Swamp:1)
253 creatures vanquished.

Vanquished Creatures (others)
  A centaur warrior (Vaults:1)
  An alligator (Swamp:1)
  A moth of wrath (Spider:3)
  A vault sentinel (Vaults:1)
  A swamp worm (Swamp:1)
  4 ancestors
  25 knights
  An orc wizard (D:11)
  4 briar patches (Swamp:1)
  8 foxfires (Swamp:1)
  17 fungi
  22 plants
  19 withered plants (Lair:5)
105 creatures vanquished.

Grand Total: 1338 creatures vanquished

Notes
Turn   | Place    | Note
-------+----------+-------------------------------------------
     0 | D:1      | Lobster4 the Hill Orc Hunter began the quest for the Orb.
     0 | D:1      | Reached XP level 1. HP: 18/18 MP: 1/1
   245 | D:1      | Reached skill level 1 in Stealth
   273 | D:1      | Reached XP level 2. HP: 25/25 MP: 2/2
   358 | D:1      | Reached skill level 1 in Armour
   573 | D:1      | Reached XP level 3. HP: 30/30 MP: 3/3
   911 | D:2      | Reached skill level 3 in Fighting
  1036 | D:2      | Identified the +7 long sword of the Sun {flame, rF+ rC+
                  | Str+4}
  1253 | D:2      | Noticed Robin
  1274 | D:2      | Killed Robin
  1275 | D:2      | Reached XP level 4. HP: 38/38 MP: 4/4
  1667 | D:3      | Noticed Grinder
  1675 | D:3      | Paralysed by Grinder for 5 turns
  1787 | D:4      | Found a staircase to the Ecumenical Temple.
  1796 | Temple   | Entered the Ecumenical Temple
  1971 | D:3      | Reached skill level 1 in Long Blades
  1984 | D:3      | Found a transporter.
  1990 | D:3      | Found a transporter.
  2231 | D:3      | Found a snail-covered altar of Cheibriados.
  2317 | D:3      | test
  2588 | D:4      | Reached XP level 5. HP: 46/46 MP: 5/5
  2616 | D:4      | Found a transporter.
  2621 | D:4      | Noticed deadpool521's ghost (amateur MiGl)
  2626 | D:4      | Found a transporter.
  2776 | D:4      | Noticed a sky beast
  2793 | D:4      | Killed a sky beast
  2794 | D:4      | Reached skill level 4 in Fighting
  3003 | D:4      | Reached XP level 6. HP: 52/52 MP: 6/6
  3202 | D:5      | Entered Level 5 of the Dungeon
  3229 | D:5      | Noticed a water moccasin
  3236 | D:5      | Killed a water moccasin
  3292 | D:5      | Found a burning altar of Makhleb.
  3299 | D:5      | Found a glowing silver altar of Zin.
  3299 | D:5      | Noticed a balrug
  3299 | D:5      | Noticed an angel
  3350 | D:5      | Reached XP level 7. HP: 48/60 MP: 7/7
  3427 | D:5      | Reached skill level 5 in Fighting
  3481 | D:5      | Reached skill level 5 in Ranged Weapons
  3528 | D:5      | Found an ancient bone altar of Kikubaaqudgha.
  4117 | D:6      | Reached XP level 8. HP: 70/70 MP: 8/8
  4220 | D:6      | Reached skill level 6 in Fighting
  4311 | D:6      | Reached skill level 5 in Armour
  4679 | D:6      | Reached skill level 5 in Long Blades
  4679 | D:6      | Reached skill level 1 in Throwing
  4679 | D:6      | Reached skill level 1 in Evocations
  4878 | D:6      | Identified the +3 ring mail of Valiance {rC+ Will+ Int-4}
  5068 | D:7      | Found Ruregan's General Store.
  5121 | D:7      | Identified a scroll of acquirement
  5121 | D:7      | Acquired the +1 chain mail of Fortitude {Rampage Regen+
                  | Int-2 Slay+5}
  5323 | D:7      | Reached XP level 9. HP: 65/78 MP: 9/9
  5343 | D:7      | Reached skill level 7 in Fighting
  5400 | D:7      | Found a flagged portal.
  5409 | Bailey   | Entered a bailey
  5552 | Bailey   | Identified the +5 long sword of Zuhor {flame, rPois Dex+4
                  | Stlth-}
  6513 | D:7      | Reached skill level 8 in Fighting
  6801 | D:8      | Noticed a death yak
  6801 | D:8      | Found a staircase to the Lair.
  6802 | D:8      | Noticed a death yak
  6806 | D:8      | Noticed a death yak
  6820 | D:7      | Killed a death yak
  6922 | D:8      | Reached XP level 10. HP: 89/90 MP: 10/10
  6954 | D:8      | Reached skill level 9 in Fighting
  7033 | D:7      | Killed a death yak
  7285 | D:8      | Noticed a two-headed ogre
  7624 | D:7      | Killed a death yak
  7625 | D:7      | Reached skill level 10 in Fighting
  7906 | D:8      | Found Aqisoqel's Jewellery Shop.
  8192 | D:8      | Reached XP level 11. HP: 101/101 MP: 11/11
  8485 | D:9      | Noticed Grum
  8504 | D:9      | Killed Grum
  8598 | D:9      | Noticed Maurice
  8630 | D:9      | Killed Maurice
  8794 | D:8      | Bought the ring "Vuedghen" {+Blink Str+4 Int+6 Dex+2} for
                  | 688 gold pieces
  8830 | D:9      | Noticed Erica
  9091 | D:9      | Killed Erica
  9112 | D:9      | Noticed Maggie
  9122 | D:9      | Killed Maggie
  9123 | D:9      | Reached skill level 11 in Fighting
  9854 | D:10     | Entered Level 10 of the Dungeon
  9962 | D:10     | Noticed a two-headed ogre
  9971 | D:10     | Killed a two-headed ogre
  9972 | D:10     | Reached skill level 5 in Evocations
 10159 | D:10     | Found a blossoming altar of Fedhas.
 10431 | D:10     | Found a stormy altar of Qazlal.
 10433 | D:10     | Found a hazy altar of Hepliaklqana.
 10438 | D:10     | Became a worshipper of Hepliaklqana the Forgotten
 10440 | D:10     | Found a sparkling altar of Nemelex Xobeh.
 10442 | D:10     | Found a shadowy altar of Dithmenos.
 10442 | D:10     | Found a white marble altar of Elyvilon.
 10443 | D:10     | Found a broken altar of Ashenzari.
 10443 | D:10     | Found a sacrificial altar of Ru.
 10707 | D:11     | Reached skill level 1 in Invocations
 10806 | D:11     | Noticed a cyan ugly thing
 10892 | D:11     | Reached skill level 10 in Long Blades
 10993 | D:11     | Found a staircase to the Orcish Mines.
 11169 | D:11     | Reached XP level 12. HP: 110/110 MP: 13/13
 11361 | D:3      | Killed Grinder
 11400 | D:3      | Noticed timneilson's ghost (novice GrFi)
 11491 | Lair:1   | Entered Level 1 of the Lair of Beasts
 11647 | Lair:1   | Reached * piety under Hepliaklqana
 11962 | Lair:1   | Noticed Harold
 11977 | Lair:1   | Killed Harold
 12377 | Lair:2   | Found a dark tunnel.
 12390 | Volcano  | Entered a volcano
 12411 | Volcano  | Reached skill level 12 in Fighting
 12557 | Volcano  | Noticed a two-headed ogre
 12560 | Volcano  | Noticed a two-headed ogre
 12561 | Volcano  | Noticed a red draconian
 12562 | Volcano  | Noticed a two-headed ogre
 12612 | Volcano  | Killed a red draconian
 12613 | Volcano  | Reached skill level 10 in Ranged Weapons
 12618 | Volcano  | Killed a two-headed ogre
 12627 | Volcano  | Killed a two-headed ogre
 12662 | Volcano  | Killed a two-headed ogre
 12667 | Volcano  | Found a bloodstained altar of Trog.
 12673 | Volcano  | Reached ** piety under Hepliaklqana
 12674 | Volcano  | Remembered your ancestor Elmo as a knight
 12677 | Volcano  | Noticed an ogre mage
 12685 | Volcano  | Killed an ogre mage
 12702 | Volcano  | Noticed a soul eater
 12828 | Volcano  | Noticed a sun demon
 13036 | Lair:2   | Reached XP level 13. HP: 107/107 MP: 15/15
 13101 | Lair:2   | Reached skill level 10 in Armour
 13195 | Lair:2   | Reached skill level 13 in Fighting
 13673 | Lair:2   | Found a hole to the Spider Nest.
 13741 | Lair:2   | Found a staircase to the Swamp.
 14264 | Lair:3   | Reached *** piety under Hepliaklqana
 14740 | Lair:3   | Identified the ring "Meditaty" {rElec Will++ Str+6 Dex-5}
 14968 | Lair:4   | Reached **** piety under Hepliaklqana
 15285 | Lair:5   | Entered Level 5 of the Lair of Beasts
 15688 | Lair:5   | Found a staircase to the Slime Pits.
 15688 | Lair:5   | Found a viscous altar of Jiyva.
 16214 | Lair:5   | Noticed a dire elephant
 16216 | Lair:5   | Noticed a dire elephant
 16325 | Lair:5   | Reached skill level 14 in Fighting
 16406 | Lair:5   | Reached XP level 14. HP: 112/118 MP: 16/16
 16721 | Lair:5   | Killed a dire elephant
 16863 | Lair:5   | Killed a dire elephant
 17314 | Orc:1    | Entered Level 1 of the Orcish Mines
 17885 | Orc:2    | Entered Level 2 of the Orcish Mines
 17885 | Orc:2    | Found a staircase to the Elven Halls.
 18698 | Orc:2    | Gained mutation: Your magical capacity is low. (-10% MP) [a
                  | neqoxec]
 18700 | Orc:2    | Reached skill level 15 in Fighting
 18757 | Orc:2    | Found Sunuen's General Store.
 18757 | Orc:2    | Found Geeh's Magic Scroll Boutique.
 18759 | Orc:2    | Found Boutuhaq's Book Shoppe.
 18759 | Orc:2    | Found Latudasa's Jewellery Boutique.
 18771 | Orc:2    | Bought a scroll of poison for 68 gold pieces
 18776 | Orc:2    | Bought a scroll of blinking for 127 gold pieces
 18974 | D:11     | Noticed Urug
 18985 | D:11     | Killed Urug
 19084 | D:11     | Found a huge runed translucent gate.
 19084 | D:11     | Found a huge runed translucent gate.
 19084 | D:11     | Found a huge runed translucent gate.
 19084 | D:11     | Found a huge runed translucent gate.
 19163 | D:11     | Reached ***** piety under Hepliaklqana
 19334 | D:11     | Reached skill level 5 in Invocations
 19611 | D:12     | Found Mephir Kyl's Magic Scroll Shoppe.
 19678 | D:12     | Found a shadowy altar of Dithmenos.
 19840 | D:12     | Identified the +10 rapier of Eternal Night {pain, Fragile
                  | rPois rC+ Str+2}
 19856 | D:12     | Reached XP level 15. HP: 109/126 MP: 17/17
 20294 | D:13     | Found a gate to the Vaults.
 20731 | D:13     | Found Hachosm's Distillery.
 20739 | D:13     | Bought a potion of heal wounds for 75 gold pieces
 20739 | D:13     | Bought a potion of might for 60 gold pieces
 21821 | D:14     | Reached ****** piety under Hepliaklqana
 21950 | D:14     | Found Roanwit's Antique Weapon Shoppe.
 22152 | D:15     | Entered Level 15 of the Dungeon
 22380 | D:15     | Found a frozen archway.
 22384 | IceCv    | Entered an ice cave
 22452 | IceCv    | Reached skill level 16 in Fighting
 22700 | IceCv    | Reached XP level 16. HP: 110/135 MP: 19/19
 23101 | IceCv    | Noticed a shard shrike
 23108 | IceCv    | Killed a shard shrike
 23110 | IceCv    | Reached skill level 15 in Long Blades
 23167 | IceCv    | Identified the ring "Xaxt" {Will+ Int+4 Dex+4 Slay+2}
 24060 | D:15     | Found a staircase to the Depths.
 24395 | D:4      | Killed deadpool521's ghost
 24534 | D:3      | Killed timneilson's ghost
 24756 | Spider:1 | Entered Level 1 of the Spider Nest
 24993 | Spider:1 | Reached skill level 17 in Fighting
 26404 | Spider:2 | Noticed Arachne
 26415 | Spider:2 | Killed Arachne
 26659 | D:14     | Bought the +8 longbow "Zephyr" {speed, Dex+3 SInv} for 2079
                  | gold pieces
 26659 | D:14     | Found the +8 longbow "Zephyr" {speed, Dex+3 SInv}
 26984 | Spider:2 | Noticed Frances
 26996 | Spider:2 | Killed Frances
 27098 | Spider:2 | Reached XP level 17. HP: 135/136 MP: 20/20
 27149 | Spider:2 | Reached skill level 18 in Fighting
 27422 | Spider:2 | Noticed Agnes
 27431 | Spider:2 | Killed Agnes
 27819 | Spider:3 | Reached skill level 15 in Ranged Weapons
 28760 | Spider:4 | Entered Level 4 of the Spider Nest
 29014 | Spider:4 | Reached skill level 19 in Fighting
 29520 | Spider:4 | Reached XP level 18. HP: 124/158 MP: 21/21
 30437 | Spider:4 | Found the +2 hood of the Assassin {Detection Stab+ Stlth++}
 30447 | Spider:4 | Got a gossamer rune of Zot
 30668 | Swamp:1  | Entered Level 1 of the Swamp
 30892 | Swamp:1  | Reached skill level 20 in Fighting
 31162 | Lair:2   | Upgraded the game from 0.30-a0-347-gf58ed5266c to
                  | 0.30-a0-354-g6b83867211
 31342 | Vaults:1 | Entered Level 1 of the Vaults
 32234 | Vaults:1 | Reached XP level 19. HP: 135/168 MP: 22/22
 32657 | Vaults:1 | Reached skill level 21 in Fighting
 34277 | Vaults:2 | Found Muweih's Antique Weapon Shoppe.
 34305 | Vaults:2 | Bought a translucent sling for 240 gold pieces
 34305 | Vaults:2 | Identified the +3 sling "Yfawoe Berat" {flame, rElec Str+5
                  | Dex-4} (You bought it in a shop on level 2 of the Vaults)
 34452 | Vaults:2 | Found a staircase to the Crypt.
 35111 | Vaults:2 | Reached skill level 22 in Fighting
 35124 | Vaults:2 | Identified the +5 scale mail "Hupaeh" {Rampage +Inv}
 35186 | Vaults:3 | Reached XP level 20. HP: 180/180 MP: 23/23
 35253 | Vaults:3 | Found a crumbling gateway.
 35271 | Desolati | Entered the Desolation of Salt
 35526 | Desolati | Got the Tome of Earth and Despicable Liturgies
 35734 | Desolati | Identified the ring of Yfafox {Ice Drain Will++ Dex+2}
 35738 | Desolati | Identified the ring "Ponoj" {EV+4 Str+6 Dex-4 Slay+3}
 35829 | Desolati | HP: 11/270 [servant of whispers/+0 spectral quarterstaff
                  | (8)]
 35830 | Desolati | Slain by a saltling

Illustrated notes

#..............# #.#
###.######.....# #.#
#.#
#.....##########.#
#.#
####................#
#.#
#....................
#.#
#....................
#.#
#.........#####....##
#.#
#...........###....##
#.#
#...@................
#.#
######....#.#########
#.# #....#.# #.#
#....#.# #.# #....#5#
#.# #....#.# #.#
#####........ #.#
#...........# #.#
#...........#


Turn 2317 on D:3: test

Levels and vault maps discovered:
D:1:      dpeg_arrival_tiny_i, layout_basic, minmay_misc_feat_more_columns
D:2:      layout_loops_ring, minmay_diced_spiral, uniq_robin
D:3:      layout_basic, cheibriados_altar_1, gammafunk_ghost_gnarly_gnolls,
          uniq_grinder
D:4:      layout_cave_pods, minmay_temple_entry_wispy, gammafunk_ghost_mausoleum
D:5:      layout_loops_ring, grunt_temple_overflow_order_and_chaos_2,
          mainiacjoe_overflow_brackets
D:6:      layout_loops_ring
D:7:      layout_basic, serial_shops, shop, enter_bailey_8
D:8:      layout_gridville, dpeg_lair_monsters, special_room [special_room_orc],
          grunt_livestock, minivault_4, nicolae_take_the_stairs, minmay_bent
D:9:      layout_basic, water_boxes_lemuel, uniq_maurice, uniq_erica, uniq_grum,
          uniq_maggie
D:10:     layout_long_grid, mainiacjoe_overflow_paths, minitemple
D:11:     lemuel_bear_cage, layout_small_grid, hiddenorc1_lemuel, uniq_urug
D:12:     layout_basic, serial_shops, shop, grunt_dithmenos_smoke_and_mirrors
D:13:     layout_irregular_city, david_vaults_2, serial_shops, shop
D:14:     layout_irregular_city, serial_bayou_pond_e, serial_shops,
          nicolae_shop_trees
D:15:     hangedman_depths_entry_civil_slaughter, layout_small_grid,
          portal_ice_cave_entry_pillars_four, hangedman_abyss_or_decor_stabs
Temple:   compressed_dpeg_circular_temple
Lair:1:   layout_loops_ring, lemuel_fruit_tree, infiniplex_staircase_pool_2,
          uniq_harold
Lair:2:   layout_regular_city, minmay_swamp_entry_worms,
          hellmonk_spider_entry_life_and_decay, enter_volcano_4,
          eino_house_with_fridge, grunt_megastairs_2
Lair:3:   layout_regular_city
Lair:4:   layout_misc_corridors
Lair:5:   due_jungle_book, layout_small_grid, nicolae_slime_entry_slimehenge,
          evilmike_ambush [evilmike_ambush_outer_basic,
          evilmike_ambush_inner_wall_1], grunt_megastairs_3
Swamp:1:  layout_basic_swamp, infiniplex_staircase_pool, swamp_pool1
Spider:1: layout_spider_delve, beargit_elvish_explorers
Spider:2: layout_cave_pods, uniq_agnes, uniq_arachne, uniq_frances
Spider:3: layout_spider_delve, nicolae_spider_bzzzt
Spider:4: hellmonk_spider_rune_endless_swarm, drop_trap,
          nicolae_spider_cling_ruins, nicolae_spider_rock_and_or_roll
Orc:1:    layout_diamond_mine
Orc:2:    grunt_orc_tribal_feast, layout_caves
Vaults:1: v_misc_11, nicolae_vaults_what_the_h, v_alt_pattern_4, v_pattern_3,
          hangedman_vaults_trim, nicolae_vaults_circle_grid_a, v_misc_17,
          nicolae_vaults_alarming, vaults_dpeg_spiral, st_star,
          vaults_mumra_lcd, vaults_dpeg_emergency_exit, v_misc_28,
          layout_vaults_maze_snakey
Vaults:2: nicolae_vaults_little_squares_3, vaults_dpeg_doors,
          special_room_vaults [special_room_orc], ontoclasm_vaults_eye,
          minmay_crypt_entry_simple_box, grunt_vaults_trifunnel,
          nicolae_vaults_little_squares_1, nicolae_vaults_network_s,
          vaults_room_pools, vaults_room_pool, nicolae_vaults_gold_heap,
          vaults_room_fours, layout_vaults_big_room, serial_shops, shop
Vaults:3: portal_desolation_entry_twin_temple, nicolae_vaults_asterisk,
          v_misc_18, hangedman_vaults_stretched_pinwheel,
          nicolae_vaults_yaktaur_gun_rack, v_misc_2, v_alt_pattern_6, v_misc_22,
          nicolae_vaults_hallways_thing, v_misc_22, ontoclasm_vaults_idyll,
          vaults_room_door_hall, serial_ice_m, grunt_vaults_diagonal,
          vaults_room_stairs_pillars, layout_vaults_omnibox
Desolation

Skill      XL: |  1  2  3  4  5  6  7  8  9 10 11 12 13 14 15 16 17 18 19 |
---------------+----------------------------------------------------------+-----
Stealth        | 1 |  1.0
Armour         | 1 2 3 4 5 6 8 9 11 12 13 14 | 14.0
Fighting       | 3 4 5 6 8 10 11 12 14 15 16 17 19 20 22 | 22.3
Dodging        | 2 |  2.0
Ranged Weapons | 4 5 6 7 8 9 10 11 12 13 14 16 18 20 | 20.7
Long Blades    | 1 2 3 4 5 7 8 10 11 12 13 14 15 | 15.0
Throwing       | 1 |  1.0
Evocations     | 2 3 5 7 9 |  9.0
Invocations    | 2 3 5 8 |  8.0

Action                   |  1- 3 |  4- 6 |  7- 9 | 10-12 | 13-15 | 16-18 | 19-21 || total
-------------------------+-------+-------+-------+-------+-------+-------+-------++-------
Melee: Long sword        |       |    22 |   125 |   326 |   292 |   199 |    46 ||  1010
       Punch             |       |       |     3 |     9 |     3 |     7 |     2 ||    24
 Fire: Shortbow          |    88 |    68 |   131 |   572 |  1062 |   278 |       ||  2199
       Longbow           |       |       |       |       |       |   913 |   599 ||  1512
Throw: Boomerang         |       |     3 |       |       |       |       |       ||     3
       Dart              |       |       |     2 |     1 |       |       |       ||     3
Invok: Ancestor Life: Kn |       |       |       |     1 |       |       |       ||     1
       Ancestor Identity |       |       |       |     1 |       |       |       ||     1
       Recall Ancestor   |       |       |       |       |     1 |     5 |     1 ||     7
       Transference      |       |       |       |       |     1 |       |       ||     1
Evoke: Wand              |       |       |       |     1 |     2 |     3 |       ||     6
       Tin of tremorston |       |       |       |       |       |       |     2 ||     2
  Use: Scroll            |       |     6 |     8 |     8 |    13 |    17 |     2 ||    54
       Potion            |       |       |       |     2 |     1 |     6 |     1 ||    10
 Stab: Sleeping          |       |     1 |       |     1 |       |       |       ||     2
       Distracted        |       |       |       |     1 |     4 |     5 |     2 ||    12
       Invisible         |       |       |       |       |     1 |       |       ||     1
Armor: Leather armour    |     8 |    14 |     3 |       |       |    87 |    38 ||   150
       Ring mail         |       |       |    70 |   287 |   294 |   175 |       ||   826
       Chain mail        |       |       |       |       |    32 |    14 |       ||    46
       Ice dragon scales |       |       |       |       |       |    13 |       ||    13
Dodge: Dodged            |    16 |    15 |    99 |   280 |   311 |   237 |    59 ||  1017
Block: Other             |       |       |       |       |    24 |    30 |    31 ||    85
       Reflection        |       |       |       |       |     7 |     4 |     3 ||    14

Table legend: (Time is in decaauts)
 A = Elapsed time spent in this place.
 B = Non-inter-level travel time spent in this place.
 C = Inter-level travel time spent in this place.
 D = Time resting spent in this place.
 E = Time spent auto-exploring this place.
 F = Levels seen in this place.
 G = Mean time per level.
                   A        B        C        D        E       F      G
               +--------+--------+--------+--------+--------+-----+--------+
         Total |  35097 |  32298 |   2799 |   4914 |  17773 |  35 | 1002.8 |
       Dungeon |  16140 |  14429 |   1711 |   2068 |   8744 |  15 | 1076.0 |
        Temple |     81 |     74 |      7 |      0 |     65 |   1 |   81.0 |
          Lair |   5628 |   5155 |    473 |    328 |   3593 |   5 | 1125.6 |
         Swamp |    367 |    365 |      2 |    106 |    142 |   1 |  367.0 |
   Spider Nest |   5158 |   4837 |    321 |    901 |   2422 |   4 | 1289.5 |
  Orcish Mines |   1369 |   1241 |    128 |    172 |    635 |   2 |  684.5 |
        Vaults |   3404 |   3248 |    156 |    686 |   1638 |   3 | 1134.7 |
        Bailey |    834 |    834 |      0 |    206 |    129 |   1 |  834.0 |
      Ice Cave |   1050 |   1050 |      0 |    184 |    405 |   1 | 1050.0 |
       Volcano |    583 |    583 |      0 |     44 |      0 |   1 |  583.0 |
    Desolation |    478 |    478 |      0 |    216 |      0 |   1 |  478.0 |
               +--------+--------+--------+--------+--------+-----+--------+

Top non-repeatable levels by time:
Vaults:1: 1906 daAuts
  Lair:5: 1845 daAuts
     D:8: 1749 daAuts
  Lair:2: 1618 daAuts
Spider:4: 1523 daAuts
Vaults:2: 1408 daAuts
     D:7: 1370 daAuts
     D:9: 1340 daAuts
    D:11: 1318 daAuts
Spider:2: 1275 daAuts
Spider:1: 1258 daAuts
    D:14: 1198 daAuts
     D:4: 1170 daAuts
Spider:3: 1101 daAuts
     D:6: 1086 daAuts
